2771 views
Uploaded 2020-02-16 15:50:18
Game version 1.32 / 1.32.1
29:12 long 3on3 ladder game on (6)TimbermawHold
Saved by BEARAND
2771 views
Uploaded 2020-02-16 15:50:18
Game version 1.32 / 1.32.1
29:12 long 3on3 ladder game on (6)TimbermawHold


83 units @ 6.7k
/ 0.1k
223 buildings @ 11.8k
/ 6.4k
iggythefisk
(29:10) : 


| Lesser Clarity Potion | 4 | 280 |
| Staff of Sanctuary | 3 | 750 |
| Scroll of Regeneration | 3 | 300 |
| Orb of Fire | 4 | 1300 |
| Boots of Speed | 3 | 750 |
| Staff of Teleportation | 2 | 300 |
| Circlet of Nobility | 1 | 175 |
| total: | 20 | 3855g |
| Peasant | 23 | 1725 | / | 0 |
| Priest | 2 | 270 | / | 20 |
| total: | 25 | 1995g | / | 20w |
| Scout Tower | 29 | 870 | / | 580 |
| Arcane Tower | 4 | 280 | / | 200 |
| Guard Tower | 17 | 1190 | / | 850 |
| Altar of Kings | 1 | 180 | / | 50 |
| Lumber Mill | 1 | 120 | / | 0 |
| Farm | 4 | 320 | / | 80 |
| Arcane Vault | 3 | 390 | / | 90 |
| Town Hall | 2 | 770 | / | 410 |
| Arcane Sanctum | 1 | 150 | / | 140 |
| Keep | 1 | 320 | / | 210 |
| Castle | 1 | 360 | / | 210 |
| total: | 41 | 2800g | / | 1350w |
| 0:01 | Peasant |
| 0:03 | Altar of Kings |
| 0:09 | Peasant |
| 0:15 | Lumber Mill |
| 0:19 | Farm |
| 0:20 | Peasant |
| 0:32 | Peasant |
| 0:54 | Peasant |
| 0:57 | Farm |
| 1:02 | Peasant |
| 1:09 | Peasant |
| 1:14 | Peasant |
| 1:25 | Peasant |
| 1:32 | Peasant |
| 1:35 | Scout Tower |
| 1:44 | Scout Tower |
| 1:45 | Peasant |
| 1:55 | Arcane Vault |
| 2:03 | Holy Light |
| 2:08 | Arcane Tower |
| 2:15 | Arcane Tower |
| 2:16 | Scout Tower |
| 2:36 | Peasant |
| 2:43 | Scout Tower |
| 2:43 | Guard Tower |
| 2:55 | Peasant |
| 2:55 | Peasant |
| 3:00 | Arcane Vault |
| 3:17 | Guard Tower |
| 3:18 | Scout Tower |
| 3:19 | Improved Masonry |
| 4:04 | Guard Tower |
| 4:06 | Scout Tower |
| 4:06 | Scout Tower |
| 4:08 | Boots of Speed |
| 4:38 | Divine Shield |
| 4:59 | Scout Tower |
| 5:00 | Scout Tower |
| 5:01 | Guard Tower |
| 5:57 | Guard Tower |
| 5:58 | Scout Tower |
| 6:32 | Keep |
| 6:36 | Guard Tower |
| 7:59 | Holy Light |
| 8:13 | Scout Tower |
| 8:14 | Scout Tower |
| 8:58 | Town Hall |
| 9:01 | Scout Tower |
| 9:02 | Scout Tower |
| 9:20 | Farm |
| 9:42 | Arcane Tower |
| 9:43 | Guard Tower |
| 9:44 | Scout Tower |
| 9:45 | Scout Tower |
| 9:45 | Scout Tower |
| 9:47 | Improved Lumber Harvesting |
| 9:57 | Peasant |
| 9:57 | Peasant |
| 10:02 | Arcane Tower |
| 10:02 | Guard Tower |
| 10:45 | Advanced Masonry |
| 10:47 | Arcane Sanctum |
| 10:55 | Guard Tower |
| 10:56 | Peasant |
| 10:56 | Peasant |
| 10:56 | Peasant |
| 11:04 | Scout Tower |
| 11:17 | Staff of Teleportation |
| 11:22 | Peasant |
| 11:23 | Peasant |
| 11:25 | Guard Tower |
| 11:28 | Scout Tower |
| 11:38 | Healing Spray |
| 11:44 | Peasant |
| 11:44 | Peasant |
| 11:50 | Guard Tower |
| 11:54 | Scout Tower |
| 11:58 | Boots of Speed |
| 11:58 | Staff of Teleportation |
| 12:06 | Magic Sentry |
| 12:09 | Castle |
| 12:52 | Priest |
| 13:16 | Guard Tower |
| 13:17 | Scout Tower |
| 13:18 | Scout Tower |
| 13:31 | Lesser Clarity Potion |
| 13:37 | Priest Adept Training |
| 13:37 | Priest |
| 14:11 | Guard Tower |
| 14:14 | Scout Tower |
| 14:16 | Scout Tower |
| 14:39 | Farm |
| 14:39 | Advanced Lumber Harvesting |
| 14:39 | Imbued Masonry |
| 14:42 | Staff of Sanctuary |
| 14:42 | Scroll of Regeneration |
| 14:44 | Orb of Fire |
| 14:52 | Guard Tower |
| 14:54 | Scroll of Regeneration |
| 14:56 | Lesser Clarity Potion |
| 15:00 | Orb of Fire |
| 15:02 | Lesser Clarity Potion |
| 15:11 | Guard Tower |
| 16:03 | Scout Tower |
| 16:16 | Siphon Mana |
| 16:44 | Boots of Speed |
| 16:49 | Circlet of Nobility |
| 16:53 | Guard Tower |
| 16:54 | Scout Tower |
| 16:56 | Scout Tower |
| 18:10 | Guard Tower |
| 18:12 | Arcane Vault |
| 18:15 | Scroll of Regeneration |
| 18:17 | Lesser Clarity Potion |
| 19:18 | Chemical Rage |
| 19:22 | Divine Shield |
| 19:48 | Orb of Fire |
| 19:48 | Staff of Sanctuary |
| 19:51 | Orb of Fire |
| 19:51 | Staff of Sanctuary |
| 20:11 | Town Hall |
| 21:47 | Banish |
| 22:50 | Scout Tower |
| 22:51 | Scout Tower |
| 25:38 | Siphon Mana |
| 26:05 | Healing Spray |
| 26:57 | Holy Light |
| 28:35 | Banish |
| 28:51 | Chemical Rage |
| Right click | 1851 |
| Select group | 766 |
| Assign group | 562 |
| Select | 525 |
| Build/train/purchase | 188 |
| Use ability | 154 |
| Misc. action | 24 |
| Resource trade | 18 |
| Chat | 7 |
| Item give/drop | 5 |



| Scroll of Regeneration | 2 | 200 |
| Staff of Sanctuary | 3 | 750 |
| Orb of Fire | 1 | 325 |
| Staff of Teleportation | 3 | 450 |
| Boots of Speed | 3 | 750 |
| Periapt of Vitality | 1 | 325 |
| Circlet of Nobility | 1 | 175 |
| total: | 14 | 2975g |
| Peasant | 31 | 2325 | / | 0 |
| total: | 31 | 2325g | / | 0w |
| Scout Tower | 89 | 2670 | / | 1780 |
| Guard Tower | 41 | 2870 | / | 2050 |
| Altar of Kings | 1 | 180 | / | 50 |
| Farm | 4 | 320 | / | 80 |
| Lumber Mill | 1 | 120 | / | 0 |
| Town Hall | 3 | 1155 | / | 615 |
| Arcane Vault | 1 | 130 | / | 30 |
| Keep | 1 | 320 | / | 210 |
| Castle | 1 | 360 | / | 210 |
| total: | 99 | 4575g | / | 2555w |
| 0:01 | Peasant |
| 0:06 | Altar of Kings |
| 0:16 | Peasant |
| 0:17 | Farm |
| 0:20 | Peasant |
| 0:25 | Lumber Mill |
| 0:26 | Peasant |
| 0:53 | Peasant |
| 1:12 | Peasant |
| 1:21 | Farm |
| 1:22 | Peasant |
| 1:37 | Scout Tower |
| 1:40 | Scout Tower |
| 1:42 | Peasant |
| 1:49 | Peasant |
| 1:56 | Improved Masonry |
| 2:07 | Guard Tower |
| 2:13 | Guard Tower |
| 2:33 | Blizzard |
| 2:45 | Scout Tower |
| 2:46 | Scout Tower |
| 2:52 | Peasant |
| 2:52 | Peasant |
| 3:16 | Peasant |
| 3:17 | Guard Tower |
| 3:19 | Scout Tower |
| 3:34 | Scout Tower |
| 3:37 | Guard Tower |
| 3:44 | Staff of Teleportation |
| 3:45 | Boots of Speed |
| 4:03 | Peasant |
| 4:05 | Guard Tower |
| 4:08 | Scout Tower |
| 4:14 | Scout Tower |
| 4:16 | Scout Tower |
| 4:18 | Peasant |
| 4:20 | Scroll of Regeneration |
| 4:35 | Guard Tower |
| 4:37 | Guard Tower |
| 4:58 | Guard Tower |
| 5:03 | Scout Tower |
| 5:05 | Scout Tower |
| 5:06 | Guard Tower |
| 5:12 | Farm |
| 5:27 | Scout Tower |
| 5:53 | Guard Tower |
| 5:56 | Brilliance Aura |
| 6:06 | Scout Tower |
| 6:07 | Scout Tower |
| 6:08 | Scout Tower |
| 6:14 | Peasant |
| 6:14 | Peasant |
| 6:27 | Peasant |
| 6:30 | Scout Tower |
| 6:31 | Scout Tower |
| 6:31 | Scout Tower |
| 6:31 | Scout Tower |
| 7:11 | Town Hall |
| 7:14 | Guard Tower |
| 7:52 | Guard Tower |
| 7:53 | Scout Tower |
| 7:53 | Scout Tower |
| 7:54 | Scout Tower |
| 7:54 | Scout Tower |
| 8:05 | Blizzard |
| 8:13 | Guard Tower |
| 8:22 | Guard Tower |
| 8:25 | Keep |
| 8:34 | Guard Tower |
| 8:36 | Peasant |
| 8:37 | Peasant |
| 8:38 | Arcane Vault |
| 8:51 | Peasant |
| 8:52 | Guard Tower |
| 8:55 | Peasant |
| 8:56 | Guard Tower |
| 9:20 | Scout Tower |
| 9:21 | Scout Tower |
| 9:22 | Scout Tower |
| 9:47 | Guard Tower |
| 9:48 | Scout Tower |
| 9:49 | Scout Tower |
| 9:50 | Scout Tower |
| 9:51 | Peasant |
| 9:51 | Peasant |
| 10:12 | Scout Tower |
| 10:12 | Scout Tower |
| 10:13 | Scout Tower |
| 10:16 | Peasant |
| 10:18 | Scout Tower |
| 10:31 | Scout Tower |
| 10:33 | Peasant |
| 10:45 | Guard Tower |
| 10:46 | Guard Tower |
| 10:59 | Scout Tower |
| 11:00 | Scout Tower |
| 11:01 | Scout Tower |
| 11:02 | Scout Tower |
| 11:03 | Peasant |
| 11:04 | Advanced Masonry |
| 11:15 | Guard Tower |
| 11:31 | Guard Tower |
| 11:34 | Scout Tower |
| 11:35 | Scout Tower |
| 11:37 | Scout Tower |
| 11:38 | Scout Tower |
| 11:46 | Breath of Fire |
| 11:47 | Farm |
| 11:52 | Castle |
| 13:06 | Peasant |
| 13:17 | Scroll of Regeneration |
| 13:25 | Peasant |
| 13:26 | Scout Tower |
| 13:28 | Scout Tower |
| 13:28 | Scout Tower |
| 13:35 | Guard Tower |
| 13:37 | Scout Tower |
| 13:38 | Scout Tower |
| 14:01 | Scout Tower |
| 14:02 | Scout Tower |
| 14:04 | Scout Tower |
| 14:05 | Scout Tower |
| 14:06 | Scout Tower |
| 14:06 | Scout Tower |
| 14:09 | Guard Tower |
| 14:16 | Scout Tower |
| 14:16 | Scout Tower |
| 14:17 | Scout Tower |
| 14:17 | Scout Tower |
| 14:20 | Guard Tower |
| 14:21 | Scout Tower |
| 14:23 | Scout Tower |
| 14:23 | Scout Tower |
| 14:26 | Scout Tower |
| 14:27 | Scout Tower |
| 14:28 | Scout Tower |
| 14:40 | Guard Tower |
| 14:59 | Scout Tower |
| 14:59 | Scout Tower |
| 15:00 | Scout Tower |
| 15:01 | Scout Tower |
| 15:01 | Scout Tower |
| 15:02 | Scout Tower |
| 15:03 | Guard Tower |
| 15:08 | Town Hall |
| 15:10 | Scout Tower |
| 15:10 | Scout Tower |
| 15:10 | Scout Tower |
| 15:11 | Scout Tower |
| 15:11 | Scout Tower |
| 15:12 | Scout Tower |
| 15:12 | Scout Tower |
| 15:13 | Scout Tower |
| 15:16 | Scout Tower |
| 15:17 | Scout Tower |
| 15:18 | Scout Tower |
| 15:18 | Scout Tower |
| 15:58 | Flame Strike |
| 16:00 | Guard Tower |
| 16:02 | Guard Tower |
| 16:04 | Scout Tower |
| 16:05 | Scout Tower |
| 16:05 | Scout Tower |
| 16:05 | Scout Tower |
| 16:07 | Scout Tower |
| 16:07 | Scout Tower |
| 16:08 | Scout Tower |
| 16:08 | Scout Tower |
| 16:11 | Staff of Teleportation |
| 16:12 | Boots of Speed |
| 16:55 | Guard Tower |
| 17:00 | Guard Tower |
| 17:35 | Peasant |
| 17:35 | Peasant |
| 17:43 | Guard Tower |
| 17:46 | Town Hall |
| 17:48 | Peasant |
| 17:50 | Improved Lumber Harvesting |
| 17:54 | Guard Tower |
| 18:03 | Guard Tower |
| 18:05 | Guard Tower |
| 18:24 | Drunken Haze |
| 18:59 | Guard Tower |
| 20:19 | Guard Tower |
| 20:21 | Guard Tower |
| 20:21 | Guard Tower |
| 20:31 | Imbued Masonry |
| 20:32 | Advanced Lumber Harvesting |
| 20:58 | Staff of Teleportation |
| 20:59 | Boots of Speed |
| 21:36 | Brilliance Aura |
| 21:49 | Siphon Mana |
| 22:34 | Staff of Sanctuary |
| 22:36 | Orb of Fire |
| 22:42 | Periapt of Vitality |
| 22:42 | Circlet of Nobility |
| 22:47 | Staff of Sanctuary |
| 22:48 | Staff of Sanctuary |
| 23:37 | Breath of Fire |
| 24:21 | Flame Strike |
| 24:35 | Guard Tower |
| 27:45 | Drunken Haze |
| 28:15 | Siphon Mana |
| 28:34 | Blizzard |
| Right click | 2532 |
| Select | 1107 |
| Select group | 467 |
| Build/train/purchase | 135 |
| Assign group | 134 |
| Use ability | 106 |
| Resource trade | 11 |
| Misc. action | 7 |
| Minimap ping | 6 |
| Item give/drop | 5 |
| Remove unit | 1 |



| Lesser Clarity Potion | 5 | 350 |
| Potion of Healing | 1 | 150 |
| Mechanical Critter | 2 | 100 |
| Staff of Sanctuary | 3 | 750 |
| Orb of Fire | 2 | 650 |
| Staff of Teleportation | 3 | 450 |
| Boots of Speed | 3 | 750 |
| Periapt of Vitality | 1 | 325 |
| total: | 20 | 3525g |
| Peasant | 24 | 1800 | / | 0 |
| Priest | 1 | 135 | / | 10 |
| Dragonhawk Rider | 2 | 400 | / | 60 |
| total: | 27 | 2335g | / | 70w |
| Scout Tower | 67 | 2010 | / | 1340 |
| Arcane Tower | 2 | 140 | / | 100 |
| Guard Tower | 39 | 2730 | / | 1950 |
| Altar of Kings | 1 | 180 | / | 50 |
| Farm | 6 | 480 | / | 120 |
| Lumber Mill | 1 | 120 | / | 0 |
| Town Hall | 2 | 770 | / | 410 |
| Arcane Vault | 1 | 130 | / | 30 |
| Blacksmith | 1 | 140 | / | 60 |
| Barracks | 1 | 160 | / | 60 |
| Arcane Sanctum | 1 | 150 | / | 140 |
| Gryphon Aviary | 2 | 280 | / | 300 |
| Keep | 1 | 320 | / | 210 |
| Castle | 1 | 360 | / | 210 |
| total: | 83 | 4420g | / | 2510w |
| 0:01 | Peasant |
| 0:02 | Peasant |
| 0:12 | Altar of Kings |
| 0:14 | Peasant |
| 0:18 | Farm |
| 0:27 | Peasant |
| 0:36 | Farm |
| 0:51 | Peasant |
| 1:04 | Lumber Mill |
| 1:18 | Peasant |
| 1:23 | Scout Tower |
| 1:27 | Peasant |
| 1:34 | Scout Tower |
| 1:39 | Peasant |
| 1:45 | Scout Tower |
| 1:48 | Arcane Tower |
| 1:49 | Peasant |
| 1:50 | Peasant |
| 2:01 | Peasant |
| 2:08 | Guard Tower |
| 2:14 | Blizzard |
| 2:18 | Guard Tower |
| 2:26 | Peasant |
| 2:26 | Peasant |
| 2:28 | Scout Tower |
| 2:30 | Scout Tower |
| 3:08 | Guard Tower |
| 3:10 | Scout Tower |
| 3:11 | Scout Tower |
| 3:26 | Peasant |
| 3:39 | Guard Tower |
| 3:39 | Guard Tower |
| 3:45 | Keep |
| 3:46 | Improved Masonry |
| 4:04 | Staff of Teleportation |
| 4:27 | Boots of Speed |
| 4:49 | Farm |
| 4:49 | Farm |
| 5:06 | Scout Tower |
| 5:07 | Scout Tower |
| 5:08 | Scout Tower |
| 5:10 | Scout Tower |
| 5:39 | Brilliance Aura |
| 5:55 | Town Hall |
| 5:58 | Scout Tower |
| 5:59 | Scout Tower |
| 5:59 | Scout Tower |
| 5:59 | Scout Tower |
| 6:00 | Scout Tower |
| 6:00 | Scout Tower |
| 6:24 | Guard Tower |
| 6:25 | Guard Tower |
| 6:32 | Scout Tower |
| 6:33 | Scout Tower |
| 6:34 | Scout Tower |
| 6:44 | Peasant |
| 6:44 | Peasant |
| 6:44 | Peasant |
| 7:00 | Scout Tower |
| 7:01 | Scout Tower |
| 7:01 | Scout Tower |
| 7:02 | Scout Tower |
| 7:02 | Scout Tower |
| 7:02 | Scout Tower |
| 7:03 | Scout Tower |
| 7:03 | Scout Tower |
| 7:04 | Scout Tower |
| 7:04 | Scout Tower |
| 7:05 | Scout Tower |
| 7:05 | Scout Tower |
| 7:11 | Guard Tower |
| 7:23 | Storm Bolt |
| 7:49 | Guard Tower |
| 7:50 | Guard Tower |
| 7:52 | Advanced Masonry |
| 8:20 | Guard Tower |
| 8:33 | Guard Tower |
| 8:36 | Peasant |
| 8:37 | Improved Lumber Harvesting |
| 8:49 | Staff of Teleportation |
| 8:49 | Boots of Speed |
| 8:57 | Guard Tower |
| 8:57 | Guard Tower |
| 9:12 | Guard Tower |
| 9:12 | Guard Tower |
| 9:23 | Guard Tower |
| 9:51 | Peasant |
| 9:51 | Peasant |
| 10:04 | Town Hall |
| 10:06 | Scout Tower |
| 10:07 | Scout Tower |
| 10:34 | Arcane Tower |
| 10:50 | Castle |
| 11:11 | Arcane Sanctum |
| 11:25 | Lesser Clarity Potion |
| 11:25 | Lesser Clarity Potion |
| 11:35 | Arcane Vault |
| 11:40 | Scout Tower |
| 11:41 | Scout Tower |
| 11:41 | Scout Tower |
| 11:45 | Guard Tower |
| 11:54 | Farm |
| 12:30 | Guard Tower |
| 13:03 | Guard Tower |
| 13:06 | Magic Sentry |
| 13:06 | Priest |
| 13:13 | Potion of Healing |
| 13:16 | Lesser Clarity Potion |
| 13:17 | Mechanical Critter |
| 13:17 | Mechanical Critter |
| 13:28 | Peasant |
| 13:28 | Peasant |
| 13:40 | Guard Tower |
| 13:51 | Staff of Sanctuary |
| 14:21 | Holy Light |
| 14:28 | Imbued Masonry |
| 14:52 | Peasant |
| 14:53 | Guard Tower |
| 15:21 | Scout Tower |
| 15:22 | Scout Tower |
| 15:22 | Scout Tower |
| 15:31 | Staff of Sanctuary |
| 15:33 | Orb of Fire |
| 15:35 | Lesser Clarity Potion |
| 15:35 | Lesser Clarity Potion |
| 16:42 | Blizzard |
| 17:11 | Bash |
| 17:27 | Scout Tower |
| 17:27 | Scout Tower |
| 17:29 | Staff of Sanctuary |
| 17:31 | Orb of Fire |
| 17:33 | Guard Tower |
| 17:35 | Guard Tower |
| 18:05 | Guard Tower |
| 18:28 | Staff of Teleportation |
| 18:28 | Boots of Speed |
| 18:31 | Periapt of Vitality |
| 19:23 | Guard Tower |
| 19:37 | Scout Tower |
| 19:38 | Scout Tower |
| 20:03 | Gryphon Aviary |
| 20:03 | Gryphon Aviary |
| 20:04 | Blacksmith |
| 20:05 | Barracks |
| 20:06 | Farm |
| 20:52 | Guard Tower |
| 21:28 | Divine Shield |
| 21:35 | Dragonhawk Rider |
| 21:35 | Dragonhawk Rider |
| 21:36 | Iron Forged Swords |
| 21:36 | Studded Leather Armor |
| 21:37 | Animal War Training |
| 21:40 | Scout Tower |
| 21:40 | Scout Tower |
| 21:41 | Scout Tower |
| 21:41 | Scout Tower |
| 21:42 | Scout Tower |
| 21:43 | Scout Tower |
| 21:43 | Scout Tower |
| 21:43 | Scout Tower |
| 22:14 | Scout Tower |
| 22:15 | Scout Tower |
| 22:15 | Scout Tower |
| 22:16 | Scout Tower |
| 22:16 | Scout Tower |
| 22:45 | Guard Tower |
| 23:30 | Storm Bolt |
| 24:03 | Peasant |
| 24:05 | Scout Tower |
| 24:05 | Scout Tower |
| 24:06 | Scout Tower |
| 24:19 | Guard Tower |
| 24:43 | Brilliance Aura |
| 24:50 | Scout Tower |
| 24:51 | Scout Tower |
| 24:52 | Scout Tower |
| 24:52 | Scout Tower |
| 24:52 | Scout Tower |
| 25:13 | Guard Tower |
| 25:35 | Holy Light |
| 25:57 | Guard Tower |
| 26:28 | Scout Tower |
| 26:31 | Scout Tower |
| 27:16 | Bash |
| 29:02 | Divine Shield |
| Right click | 3903 |
| Select | 930 |
| Select group | 499 |
| Build/train/purchase | 203 |
| Use ability | 147 |
| Chat | 16 |
| Assign group | 10 |
| Misc. action | 6 |
| Minimap ping | 5 |
| Item give/drop | 3 |
188 units @ 28.5k
/ 5.9k
57 buildings @ 7.8k
/ 3.4k


| Peasant | 11 | 825 | / | 0 |
| Footman | 4 | 540 | / | 0 |
| Rifleman | 5 | 1025 | / | 150 |
| Priest | 27 | 3645 | / | 270 |
| Mortar Team | 27 | 4860 | / | 1890 |
| Sorceress | 1 | 155 | / | 20 |
| total: | 75 | 11050g | / | 2330w |
| Scout Tower | 1 | 30 | / | 20 |
| Arcane Tower | 1 | 70 | / | 50 |
| Altar of Kings | 1 | 180 | / | 50 |
| Barracks | 1 | 160 | / | 60 |
| Farm | 9 | 720 | / | 180 |
| Blacksmith | 1 | 140 | / | 60 |
| Town Hall | 2 | 770 | / | 410 |
| Workshop | 1 | 140 | / | 140 |
| Arcane Sanctum | 1 | 150 | / | 140 |
| Keep | 1 | 320 | / | 210 |
| Castle | 1 | 360 | / | 210 |
| total: | 17 | 2290g | / | 1060w |
| 0:03 | Peasant |
| 0:03 | Peasant |
| 0:08 | Altar of Kings |
| 0:10 | Barracks |
| 0:20 | Farm |
| 0:30 | Peasant |
| 0:43 | Peasant |
| 0:59 | Peasant |
| 1:09 | Farm |
| 1:14 | Footman |
| 1:18 | Peasant |
| 1:32 | Footman |
| 1:55 | Scout Tower |
| 1:57 | Footman |
| 2:07 | Blacksmith |
| 2:12 | Summon Water Elemental |
| 2:30 | Farm |
| 2:31 | Arcane Tower |
| 2:54 | Footman |
| 3:58 | Keep |
| 3:59 | Rifleman |
| 3:59 | Rifleman |
| 4:40 | Farm |
| 4:43 | Farm |
| 4:52 | Brilliance Aura |
| 5:17 | Farm |
| 5:26 | Rifleman |
| 5:26 | Rifleman |
| 5:28 | Black Gunpowder |
| 6:17 | Rifleman |
| 7:00 | Workshop |
| 7:11 | Arcane Sanctum |
| 7:42 | Storm Bolt |
| 7:52 | Summon Water Elemental |
| 8:54 | Priest |
| 8:56 | Mortar Team |
| 8:56 | Mortar Team |
| 9:05 | Farm |
| 9:24 | Priest |
| 11:22 | Mortar Team |
| 11:22 | Mortar Team |
| 11:25 | Priest |
| 11:25 | Priest |
| 11:25 | Priest |
| 11:29 | Farm |
| 11:33 | Farm |
| 13:19 | Mortar Team |
| 13:20 | Mortar Team |
| 13:20 | Mortar Team |
| 13:20 | Mortar Team |
| 13:22 | Priest |
| 13:23 | Priest |
| 13:23 | Priest |
| 13:23 | Priest |
| 13:53 | Mortar Team |
| 14:21 | Town Hall |
| 16:56 | Mortar Team |
| 16:56 | Mortar Team |
| 16:56 | Mortar Team |
| 16:56 | Mortar Team |
| 16:57 | Priest |
| 16:58 | Priest |
| 16:58 | Priest |
| 18:42 | Town Hall |
| 18:44 | Mortar Team |
| 18:44 | Mortar Team |
| 18:46 | Priest |
| 18:46 | Priest |
| 18:46 | Priest |
| 20:29 | Mortar Team |
| 20:29 | Mortar Team |
| 20:29 | Mortar Team |
| 20:31 | Priest |
| 20:31 | Priest |
| 22:53 | Mortar Team |
| 22:54 | Mortar Team |
| 22:54 | Mortar Team |
| 22:55 | Priest |
| 22:55 | Priest |
| 22:56 | Priest |
| 22:56 | Priest |
| 22:56 | Priest |
| 22:56 | Priest |
| 22:57 | Mortar Team |
| 22:57 | Mortar Team |
| 23:22 | Thunder Clap |
| 24:54 | Mortar Team |
| 24:54 | Mortar Team |
| 24:59 | Priest |
| 24:59 | Priest |
| 25:18 | Brilliance Aura |
| 26:48 | Mortar Team |
| 26:48 | Mortar Team |
| 26:52 | Castle |
| 28:40 | Priest |
| 28:41 | Priest |
| 28:42 | Sorceress |
| 28:50 | Peasant |
| 28:50 | Peasant |
| 28:51 | Peasant |
| 28:51 | Peasant |
| 28:51 | Peasant |
| Right click | 1135 |
| Select group | 676 |
| Select | 424 |
| Build/train/purchase | 114 |
| Assign group | 94 |
| Use ability | 30 |
| Minimap ping | 3 |
| Remove unit | 1 |


| Wisp | 29 | 1740 | / | 0 |
| Archer | 4 | 520 | / | 40 |
| Huntress | 3 | 585 | / | 60 |
| Glaive Thrower | 23 | 4830 | / | 1495 |
| Druid of the Claw | 2 | 510 | / | 160 |
| Dryad | 5 | 725 | / | 300 |
| total: | 66 | 8910g | / | 2055w |
| Ancient Protector | 1 | 135 | / | 80 |
| Altar of Elders | 1 | 180 | / | 50 |
| Moon Well | 4 | 720 | / | 160 |
| Ancient of War | 5 | 750 | / | 300 |
| Hunter's Hall | 1 | 210 | / | 100 |
| Tree of Life | 2 | 680 | / | 370 |
| Ancient of Lore | 2 | 310 | / | 290 |
| Tree of Ages | 1 | 320 | / | 180 |
| Tree of Eternity | 1 | 330 | / | 200 |
| total: | 16 | 2985g | / | 1350w |
| 0:04 | Altar of Elders |
| 0:05 | Wisp |
| 0:12 | Wisp |
| 0:23 | Moon Well |
| 0:27 | Wisp |
| 0:36 | Ancient of War |
| 0:40 | Wisp |
| 0:50 | Wisp |
| 1:18 | Wisp |
| 1:18 | Wisp |
| 1:45 | Archer |
| 1:47 | Wisp |
| 1:54 | Moon Well |
| 2:04 | Archer |
| 2:07 | Wisp |
| 2:15 | Evasion |
| 2:25 | Hunter's Hall |
| 3:04 | Archer |
| 3:12 | Moon Well |
| 3:14 | Archer |
| 3:33 | Huntress |
| 4:03 | Strength of the Moon |
| 4:06 | Ancient Protector |
| 4:23 | Huntress |
| 4:36 | Tree of Ages |
| 5:06 | Huntress |
| 5:08 | Reinforced Hides |
| 5:52 | Mana Burn |
| 6:52 | Glaive Thrower |
| 7:23 | Wisp |
| 7:23 | Wisp |
| 7:23 | Wisp |
| 7:23 | Wisp |
| 7:28 | Moon Well |
| 7:37 | Ancient of Lore |
| 8:39 | Glaive Thrower |
| 8:39 | Glaive Thrower |
| 8:43 | Ancient of Lore |
| 9:00 | Wisp |
| 9:01 | Wisp |
| 9:01 | Wisp |
| 9:07 | Entangling Roots |
| 9:25 | Tree of Life |
| 10:24 | Glaive Thrower |
| 10:24 | Glaive Thrower |
| 11:24 | Druid of the Claw |
| 11:24 | Druid of the Claw |
| 11:27 | Wisp |
| 12:44 | Wisp |
| 12:44 | Wisp |
| 13:13 | Wisp |
| 13:13 | Wisp |
| 13:13 | Wisp |
| 13:30 | Glaive Thrower |
| 13:30 | Glaive Thrower |
| 13:30 | Glaive Thrower |
| 13:30 | Glaive Thrower |
| 14:01 | Wisp |
| 14:14 | Ancient of War |
| 14:20 | Ancient of War |
| 14:32 | Vorpal Blades |
| 15:02 | Ancient of War |
| 15:03 | Wisp |
| 15:08 | Ancient of War |
| 15:10 | Wisp |
| 15:58 | Glaive Thrower |
| 16:24 | Glaive Thrower |
| 18:04 | Glaive Thrower |
| 18:04 | Glaive Thrower |
| 18:05 | Glaive Thrower |
| 18:11 | Tree of Eternity |
| 18:28 | Wisp |
| 18:28 | Wisp |
| 19:38 | Tree of Life |
| 19:54 | Glaive Thrower |
| 19:54 | Glaive Thrower |
| 20:53 | Glaive Thrower |
| 20:54 | Glaive Thrower |
| 20:55 | Glaive Thrower |
| 23:46 | Glaive Thrower |
| 24:24 | Glaive Thrower |
| 24:24 | Glaive Thrower |
| 24:28 | Dryad |
| 24:36 | Wisp |
| 24:39 | Wisp |
| 25:52 | Dryad |
| 25:52 | Dryad |
| 25:52 | Abolish Magic |
| 26:40 | Glaive Thrower |
| 28:04 | Dryad |
| 28:04 | Dryad |
| 28:08 | Improved Reinforced Hides |
| Right click | 1592 |
| Select group | 547 |
| Select | 459 |
| Build/train/purchase | 79 |
| Use ability | 38 |
| Misc. action | 29 |
| Assign group | 16 |
| Minimap ping | 6 |


| Potion of Lesser Invulnerability | 1 | 150 |
| total: | 1 | 150g |
| Peasant | 18 | 1350 | / | 0 |
| Rifleman | 12 | 2460 | / | 360 |
| Gryphon Rider | 17 | 4760 | / | 1190 |
| total: | 47 | 8570g | / | 1550w |
| Scout Tower | 3 | 90 | / | 60 |
| Arcane Tower | 2 | 140 | / | 100 |
| Guard Tower | 1 | 70 | / | 50 |
| Altar of Kings | 1 | 180 | / | 50 |
| Farm | 14 | 1120 | / | 280 |
| Barracks | 1 | 160 | / | 60 |
| Blacksmith | 1 | 140 | / | 60 |
| Lumber Mill | 1 | 120 | / | 0 |
| Town Hall | 1 | 385 | / | 205 |
| Gryphon Aviary | 2 | 280 | / | 300 |
| Keep | 1 | 320 | / | 210 |
| Castle | 1 | 360 | / | 210 |
| total: | 24 | 2475g | / | 1015w |
| 0:04 | Peasant |
| 0:05 | Peasant |
| 0:09 | Altar of Kings |
| 0:13 | Farm |
| 0:21 | Peasant |
| 0:26 | Barracks |
| 0:42 | Peasant |
| 1:07 | Blacksmith |
| 1:17 | Peasant |
| 1:40 | Peasant |
| 1:44 | Farm |
| 2:14 | Holy Light |
| 2:26 | Rifleman |
| 2:26 | Rifleman |
| 2:36 | Black Gunpowder |
| 2:51 | Farm |
| 3:16 | Rifleman |
| 3:16 | Rifleman |
| 3:43 | Rifleman |
| 3:46 | Farm |
| 4:23 | Rifleman |
| 4:27 | Farm |
| 4:28 | Farm |
| 4:57 | Rifleman |
| 5:13 | Rifleman |
| 5:18 | Keep |
| 5:23 | Rifleman |
| 5:44 | Divine Shield |
| 6:16 | Studded Leather Armor |
| 6:18 | Rifleman |
| 6:54 | Rifleman |
| 6:58 | Farm |
| 6:59 | Farm |
| 7:04 | Farm |
| 7:04 | Farm |
| 7:46 | Rifleman |
| 7:46 | Long Rifles |
| 8:04 | Peasant |
| 8:04 | Peasant |
| 8:04 | Peasant |
| 8:29 | Scout Tower |
| 9:06 | Holy Light |
| 9:46 | Arcane Tower |
| 9:53 | Scout Tower |
| 9:56 | Peasant |
| 9:56 | Peasant |
| 10:12 | Lumber Mill |
| 10:24 | Arcane Tower |
| 10:59 | Scout Tower |
| 11:02 | Peasant |
| 11:02 | Peasant |
| 11:08 | Storm Bolt |
| 11:28 | Guard Tower |
| 11:42 | Divine Shield |
| 12:07 | Peasant |
| 12:07 | Peasant |
| 12:19 | Potion of Lesser Invulnerability |
| 13:04 | Gryphon Aviary |
| 13:05 | Gryphon Aviary |
| 14:11 | Town Hall |
| 15:02 | Castle |
| 17:24 | Storm Hammers |
| 17:25 | Gryphon Rider |
| 17:28 | Peasant |
| 17:29 | Peasant |
| 17:29 | Peasant |
| 18:06 | Gryphon Rider |
| 18:32 | Gryphon Rider |
| 18:47 | Bash |
| 18:52 | Gryphon Rider |
| 19:27 | Gryphon Rider |
| 20:01 | Gryphon Rider |
| 20:07 | Farm |
| 20:45 | Gryphon Rider |
| 21:22 | Gryphon Rider |
| 22:05 | Gryphon Rider |
| 22:07 | Farm |
| 22:07 | Farm |
| 22:49 | Gryphon Rider |
| 24:09 | Gryphon Rider |
| 24:09 | Gryphon Rider |
| 25:12 | Farm |
| 25:46 | Gryphon Rider |
| 25:47 | Gryphon Rider |
| 26:11 | Gryphon Rider |
| 27:24 | Gryphon Rider |
| 27:24 | Gryphon Rider |
| Right click | 801 |
| Select group | 429 |
| Select | 360 |
| Build/train/purchase | 74 |
| Assign group | 49 |
| Use ability | 23 |
| Minimap ping | 2 |
| Remove unit | 1 |